 Dungeon Crawl Stone Soup version 0.30-a0-272-gf98c3da03f (webtiles) character file.

Game seed: 13773227312468002957

340426 lunkers the Ecstatic (level 23, -11/218 HPs)
             Began as a Meteoran Wanderer on Oct 15, 2022.
             Was an Elder of Uskayaw.
             Mangled by a juggernaut (57 damage)
             ... on level 4 of the Depths on Oct 16, 2022.
             The game lasted 01:33:54 (17496 turns).

lunkers the Ecstatic (Meteoran Wanderer)           Turns: 17496, Time: 01:33:54

Health: -11/218    AC: 31    Str: 17    XL:     23   Next: 58%
Magic:  35/40      EV: 15    Int: 26    God:    Uskayaw [****..]
Gold:   3305       SH: 14    Dex: 23    Spells: 14/22 levels left

rFire   + + .      SeeInvis .    b - +6 eveningstar (vorpal)
rCold   . . .      Faith    +    U - +2 kite shield {reflect}
rNeg    + + .      Spirit   .    h - +4 chain mail {rF+}
rPois   +          Reflect  +    R - +0 helmet
rElec   +          Harm     .    O - +2 cloak "Gith" {rN++}
rCorr   .          Rampage  .    P - +2 pair of gloves {Dex+3}
Will    +++..                    d - +3 pair of boots of Ebrass {rPois Str+2 Int+3}
Stlth   ..........               W - amulet of Doighiph {Faith rElec rF+ Int+6 Stlth-}
HPRegen 0.56/turn                l - +4 ring of protection
MPRegen 0.27/turn                z - ring of willpower

@: corroded, glowing
A: sense surroundings 3, otherworldly, glowing, explore regen, weak 1
}: 3/15 runes: decaying, silver, gossamer
a: Renounce Religion, Stomp, Line Pass


You were on level 4 of the Depths.
You worshipped Uskayaw.
Uskayaw was extremely pleased with you.
You visited 7 branches of the dungeon, and saw 38 of its levels.
You also visited: Ossuary, Gauntlet, Ice Cave and Desolation.

You collected 4014 gold pieces.
You spent 709 gold pieces at shops.

Inventory:

Hand Weapons
 b - a +6 vorpal eveningstar (weapon)
Missiles
 i - 7 curare-tipped darts
 m - 16 boomerangs
 t - 3 silver boomerangs
 v - 11 throwing nets
 J - 5 javelins
 X - 3 silver javelins
Armour
 d - the +3 pair of boots of Ebrass (worn) {rPois Str+2 Int+3}
   (You bought it in a shop on level 1 of the Orcish Mines)

   Str:       It affects your strength (+2).
   Int:       It affects your intelligence (+3).
   rPois:     It protects you from poison.
 h - a +4 chain mail of fire resistance (worn)
 u - +0 gold dragon scales
 w - a scarf of resistance
 O - the +2 cloak "Gith" (worn) {rN++}
   (You found it on level 11 of the Dungeon)

   rN:        It greatly protects you from negative energy.
 P - a +2 pair of gloves of dexterity (worn)
 R - a +0 helmet (worn)
 U - a +2 kite shield of reflection (worn)
Jewellery
 l - a +4 ring of protection (left hand)
 r - a ring of protection from fire
 z - a ring of willpower (right hand)
 W - the amulet of Doighiph (around neck) {Faith rElec rF+ Int+6 Stlth-}
   (You found it in a Gauntlet)

   [amulet of faith]

   It allows you to gain divine favour quickly.
   Int:       It affects your intelligence (+6).
   rF:        It protects you from fire.
   rElec:     It insulates you from electricity.
   Stlth:     It makes you less stealthy.
 Y - a +4 ring of protection
Wands
 q - a wand of flame (39)
 D - a wand of quicksilver (8)
 K - a wand of iceblast (19)
 N - a wand of charming (57)
 T - a wand of polymorph (14)
Scrolls
 f - 4 scrolls of teleportation
 g - 2 scrolls of brand weapon
 k - 6 scrolls of poison
 y - a scroll of summoning
 F - 6 scrolls of immolation
 I - 2 scrolls of blinking
 L - 2 scrolls of fear
 S - 10 scrolls of identify
 Z - 8 scrolls of enchant armour
Potions
 e - 4 potions of lignification
 j - 7 potions of mutation
 n - 8 potions of heal wounds
 o - 11 potions of curing
 p - 2 potions of magic
 x - a potion of resistance
 B - 6 potions of haste
 G - 8 potions of might
 H - 7 potions of ambrosia
 M - 3 potions of cancellation
 Q - 2 potions of flight
Miscellaneous
 a - a lightning rod (1/4)
 c - a box of beasts
 s - a condenser vane (inert)
 C - a tin of tremorstones (inert)
 E - a phial of floods


   Skills:
 + Level 20.8 Fighting
 - Level 12.0 Short Blades
 - Level 16.0 Maces & Flails
 - Level 4.5 Polearms
 - Level 1.6 Ranged Weapons
 + Level 15.6 Armour
 - Level 15.0 Dodging
 * Level 7.8 Shields
 + Level 24.8 Invocations
 - Level 12.5 Evocations


You had 14 spell levels left.
You knew the following spells:

 Your Spells              Type           Power      Damage    Failure   Level
b - Ensorcelled Hibernat  Hex/Ice        0%         N/A       97%         2
c - Passwall              Tmut/Erth      0%         N/A       97%         2
d - Swiftness             Air            0%         N/A       99%         3
p - Apportation           Tloc           0%         N/A       91%         1

Your spell library contained the following spells:

 Spells                   Type           Power      Damage    Failure   Level
 Freeze                   Ice            0%         1d3       91%         1
 Kiss of Death            Conj/Necr      0%         2d5       91%         1
 Necrotise                Necr           0%         1d4       91%         1
 Slow                     Hex            0%         N/A       91%         1
 Summon Small Mammal      Summ           0%         N/A       91%         1
 Blink                    Tloc           0%         N/A       97%         2
 Cigotuvi's Dreadful Rot  Necr/Pois/Air  0%         N/A       97%         2
 Momentum Strike          Conj/Tloc      0%         3d8       97%         2
 Poisonous Vapours        Pois/Air       0%         N/A       97%         2
 Searing Ray              Conj           0%         2d4       97%         2
 Static Discharge         Conj/Air       0%         2-2/arc   97%         2
 Wereblood                Tmut           0%         N/A       97%         2
 Call Canine Familiar     Summ           0%         N/A       99%         3
 Confusing Touch          Hex            0%         N/A       99%         3
 Dazzling Flash           Conj/Hex       0%         N/A       99%         3
 Frozen Ramparts          Ice            0%         1d1       99%         3
 Gell's Gravitas          Tloc           0%         N/A       99%         3
 Hailstorm                Conj/Ice       0%         3d3       99%         3
 Lesser Beckoning         Tloc           0%         N/A       99%         3
 Mephitic Cloud           Conj/Pois/Air  0%         N/A       99%         3
 Stone Arrow              Conj/Erth      0%         3d7       99%         3
 Summon Guardian Golem    Hex/Summ       0%         N/A       99%         3
 Teleport Other           Tloc           0%         N/A       99%         3
 Vampiric Draining        Necr           0%         2d6       99%         3
 Vhi's Electric Charge    Tloc/Air       0%         N/A       99%         3
 Animate Armour           Summ/Erth      0%         N/A       100%        4
 Dispel Undead            Necr           0%         3d6       100%        4
 Fulminant Prism          Conj/Hex       0%         3d6       100%        4
 Leda's Liquefaction      Hex/Erth       0%         N/A       100%        4
 Passage of Golubria      Tloc           0%         N/A       100%        4
 Summon Ice Beast         Ice/Summ       0%         N/A       100%        4
 Agony                    Necr           0%         N/A       100%        5
 Arcjolt                  Conj/Air       0%         1d10      100%        5
 Blade Hands              Tmut           0%         N/A       100%        5
 Borgnjor's Vile Clutch   Necr/Erth      0%         N/A       100%        5
 Freezing Cloud           Conj/Ice/Air   0%         6-21      100%        5
 Irradiate                Conj/Tmut      0%         3d11      100%        5
 Iskenderun's Battlesphe  Conj           0%         2d6       100%        5
 Lee's Rapid Deconstruct  Erth           0%         3d5*      100%        5
 Lightning Bolt           Conj/Air       0%         1d11      100%        5
 Silence                  Hex/Air        0%         N/A       100%        5
 Summon Mana Viper        Hex/Summ       0%         N/A       100%        5
 Iron Shot                Conj/Erth      0%         9d1       100%        6
 Statue Form              Tmut/Erth      0%         N/A       100%        6
 Dragon Form              Tmut           0%         N/A       100%        7
 Monstrous Menagerie      Summ           0%         N/A       100%        7
 Spellforged Servitor     Conj/Summ      0%         N/A       100%        7
 Storm Form               Tmut/Air       0%         N/A       100%        7
 Discord                  Hex            0%         N/A       100%        8
 Lehudib's Crystal Spear  Conj/Erth      0%         10d2      100%        8


Dungeon Overview and Level Annotations

Branches:
Dungeon (15/15) Zot: 2558  Temple (0/1) D:6            Lair (5/5) D:8 Zot: 670
  Swamp (4/4) Lair:3 Zot: 1231  Spider (4/4) Lair:3 Zot: 824     Orc (2/2) D:11 Zot: 401
 Vaults (5/5) D:13 Zot: 301   Crypt (0/3) Vaults:3     Depths (4/4) D:15 Zot: 1520
    Zot (0/5) Depths:4    Ossuary (visited)           IceCv (visited)
Desolation (visited)      Gauntlet (visited)
  Slime: Lair:4-5       Elf: Orc:2

Altars:
Ashenzari
Cheibriados
Dithmenos
Elyvilon
Fedhas
Gozag
Kikubaaqudgha
Makhleb
Qazlal
Uskayaw
Xom
Yredelemnul

Shops:
D:2 *?([*   D:7 [   D:10 =   Orc:1 [   Orc:2 ([*:   Vaults:3 (   Vaults:4 *

Annotations:
D:8 2 transporters
D:9 3 runed translucent doors, porpoise's ghost, journeyman DrFE
Swamp:1 Roxanne
Vaults:2 Zenata
Vaults:5 Jory; Margery


Innate Abilities, Weirdness & Mutations

You passively map a large area around you.
You are easily found by Zot.
You glow in the dark.
You regain HP and MP as you explore.
You are weak. (Str -2)


Message History

The green draconian seems to slow down.
The green draconian breathes poison at you.
The blast of poison engulfs something!
Uskayaw will force your foes to share their pain.
Your lightning rod (1/4) has regained one charge.
The storm dragon is engulfed in freezing vapours.
The juggernaut is engulfed in freezing vapours.
The storm dragon is engulfed in freezing vapours.
The storm dragon breathes lightning at you.
The bolt of lightning hits you! You resist.
* * * LOW HITPOINT WARNING * * *
Something hits you!!
* * * LOW HITPOINT WARNING * * *
Unknown command.
You puncture the juggernaut!
The juggernaut is lightly wounded.
The juggernaut hits you.
* * * LOW HITPOINT WARNING * * *
The juggernaut hits you!
* * * LOW HITPOINT WARNING * * *
The green draconian is engulfed in freezing vapours.
You kill the green draconian!
The storm dragon is engulfed in freezing vapours.
Reactivating autopickup.
You feel a bit more experienced.
Unknown command.
You feel much better.
The storm dragon is engulfed in freezing vapours.
You barely miss the storm dragon.
The storm dragon is severely wounded.
A fire giant comes into view.
It is wielding a +1 great sword of flaming.
A tengu conjurer comes into view.
You block the storm dragon's attack. The storm dragon misses you.
The storm dragon tramples you but does no damage.
The tengu conjurer shouts!
You bludgeon the storm dragon!!
You kill the storm dragon!
The juggernaut is engulfed in freezing vapours.
The juggernaut hits you!!!
You die...

..'...).....#..# , *
** ..
##..d.Q.##)..##### *
.##
*#.###§§§........##.
, #
#.#..§§§§§§........
* , ,,
#....§§§§§§........
'....C§§§§§§.......
,,
#.##...°.§§§.....#*
, , , ...
##...°§§C....# ,* .
, ##.....@...#* * ,
* * ##.......## *
,,,,,,, ###...### *
, + ,* , #..... ** ,
#..∩.. ,,* , , ,,
#.....# , * , ,, ,*
##...## , * ##### *
, , * * ,,


You could see a juggernaut, a fire giant and a tengu conjurer.

Vanquished Creatures
  Boris (twice) (Vaults:4 Depths:1)
  A golden dragon (Vaults:4)
  A bone dragon (Depths:4)
  Jorgrun (D:13)
  A tentacled monstrosity (Vaults:5)
  A titan (Vaults:5)
  A lich (Vaults:4)
  Asterion (Vaults:2)
  2 quicksilver dragons (Vaults:5)
  Gastronok (D:11)
  6 sphinxes
  7 tengu reavers
  A thorn hunter (Swamp:4)
  6 shadow dragons
  4 storm dragons
  A draconian knight (Depths:4)
  2 fire giants
  2 imperial myrmidons (Desolation)
  2 frost giants (Vaults:5)
  4 ghost moths (Spider:4)
  2 emperor scorpions
  An iron dragon (Vaults:5)
  8 vault wardens
  Louise (Swamp:1)
  An orc warlord (Orc:2)
  A draconian scorcher (Depths:4)
  9 ironbound preservers
  4 very ugly things
  3 war gargoyles
  2 ironbound thunderhulks
  6 stone giants
  2 green draconians (Depths:4)
  A black draconian (Depths:4)
  2 halazid warlocks (Desolation)
  6 eleionomae
  Azrael (Orc:2)
  A minotaur (Gauntlet)
  6 bunyips
  2 yellow draconians (Depths:4)
  2 spark wasps
  A red draconian (Depths:4)
  6 dire elephants
  A white draconian (IceCv)
  2 crystal guardians (Desolation)
  2 fire dragons
  5 ettins
  4 entropy weavers
  2 deep elf death magi (Vaults:5)
  12 yaktaur captains
  A deep elf high priest (Depths:4)
  4 shambling mangroves
  The ghost of purpskrrrp the Cleaver, a journeyman MiFi of Yredelemnul (D:11)
  2 ice dragons (Depths:4)
  A hell beast (Gauntlet)
  8 great orbs of eyes
  Harold (Lair:2)
  13 hydras
  7 ragged hierophants (Desolation)
  4 servants of whispers (Desolation)
  33 vault guards
  An ogre mage (D:15)
  A peacekeeper (Desolation)
  2 spriggan air magi
  2 jorogumos
  3 alligators
  An ironbound frostheart (Vaults:3)
  3 radroaches
  A catoblepas (D:13)
  9 centaur warriors
  A boulder beetle (Spider:1)
  11 death yaks
  The ghost of SirDiesAlot the Destroyer, a journeyman DECj of Vehumet (D:10)
  9 two-headed ogres
  3 orc high priests (Orc:2)
  A tengu warrior (D:14)
  3 spriggans
  3 hell knights
  7 goliath frogs
  7 skeletal warriors (Vaults:3)
  6 pharaoh ants
  A fire crab (shapeshifter) (Vaults:5)
  A spriggan druid (Swamp:4)
  5 orb spiders
  6 steelbarb worms
  9 swamp dragons
  A glowing orange brain (shapeshifter) (Vaults:5)
  19 deep trolls
  2 sun moths (Spider:4)
  9 bog bodies
  A glowing orange brain (Depths:4)
  4 harpies (Vaults:3)
  4 wizards
  A frost giant zombie (Depths:2)
  11 ironbound convokers
  5 phantasmal warriors
  16 wolf spiders
  A harpy (shapeshifter) (D:14)
  A deep elf pyromancer (D:14)
  3 necromancers
  An ugly thing (D:10)
  6 orc knights
  3 will-o-the-wisps
  A tengu skeleton (Vaults:3)
  3 cyclopes
  A fire giant zombie (Depths:2)
  4 orc sorcerers
  A stone giant zombie (Depths:2)
  A human skeleton (Vaults:3)
  A sphinx skeleton (Depths:2)
  A moth of wrath (Spider:4)
  12 elephants
  6 black mambas
  A frost giant skeleton (Vaults:3)
  A torpor snail (Spider:4)
  6 vault sentinels
  2 guardian serpents
  2 stone giant skeletons (Vaults:3)
  A guardian serpent (shapeshifter) (Vaults:5)
  A fire giant skeleton (Vaults:3)
  2 ice statues (IceCv)
  12 cane toads
  3 gargoyles
  12 rime drakes
  An unseen horror (D:12)
  10 yaktaurs
  5 demonic crawlers
  An efreet (D:15)
  A kobold demonologist (D:11)
  2 tengu conjurers (Depths:1)
  6 komodo dragons
  A meliai (Spider:4)
  3 trolls
  6 tyrant leeches
  Prince Ribbit (D:9)
  34 saltlings (Desolation)
  12 hornets
  10 blink frogs
  Grinder (D:4)
  20 tarantellas
  4 polar bears
  28 slime creatures
  12 dream sheep
  Sigmund (D:3)
  6 flying skulls (Gauntlet)
  16 culicivoras
  21 jumping spiders
  2 ettin skeletons (Vaults:3)
  A vampire (D:12)
  A shadow (D:11)
  2 chaos spawn (Gauntlet)
  2 fire elementals (Orc:2)
  13 wyverns
  23 yaks
  5 basilisks
  4 steam dragons
  20 humans (D:13)
  23 vampire mosquitoes
  An elf skeleton (Vaults:3)
  37 redbacks
  2 wargs (D:11)
  A neqoxec (Gauntlet)
  14 swamp worms
  3 hell hounds (Orc:2)
  4 acid dragons
  An ogre skeleton (Vaults:3)
  A glowing shapeshifter skeleton (Vaults:3)
  8 swamp drakes
  18 water moccasins
  3 ice beasts (D:8)
  46 orc warriors
  9 centaurs
  6 wolves
  3 kobold brigands
  10 ogres
  3 elf zombies (Ossuary)
  8 bullfrogs
  Blork the orc (D:4)
  3 gnoll sergeants
  2 necrophages
  2 scorpions
  12 wights
  2 lindwurm simulacra (IceCv)
  7 howler monkeys
  3 komodo dragon simulacra (IceCv)
  6 centaur zombies
  5 human zombies
  18 orc priests
  2 hounds
  A jelly (D:7)
  2 iguanas (Lair:5)
  14 orc wizards
  A killer bee zombie (D:8)
  5 mummies
  5 howler monkey zombies (D:8)
  19 gnolls
  6 acid dragon simulacra (IceCv)
  9 adders
  A shadow imp (D:7)
  A white imp (D:7)
  An ufetubus (D:7)
  4 steam dragon simulacra (IceCv)
  2 dart slugs
  75 orcs
  8 bats
  7 endoplasms
  3 giant cockroaches
  4 goblins
  4 hobgoblins
  3 quokkas
  12 ball pythons
  3 frilled lizards
  22 kobolds
  6 rats
  3 briar patches (Swamp:4)
  2 pillars of salt (Desolation)
1239 creatures vanquished.

Vanquished Creatures (others)
  A ragged hierophant (Desolation)
  A shadow wraith (Vaults:5)
  A wolf spider (Spider:1)
  A tarantella (Spider:4)
  A bloated husk (Swamp:4)
  2 orc wizards
  A briar patch (Swamp:4)
  A demonic plant (Gauntlet)
  22 foxfires
  41 fungi
  23 plants
  3 withered plants (Desolation)
98 creatures vanquished.

Grand Total: 1337 creatures vanquished

Notes
Turn   | Place    | Note
-------+----------+-------------------------------------------
     0 | D:1      | lunkers the Meteoran Wanderer began the quest for the Orb.
     0 | D:1      | lunkers set off with the following items: a +2 spear, a +0
                  | short sword, a +0 pair of gloves, a scroll of blinking, a
                  | +0 leather armour.
     0 | D:1      | Reached XP level 1. HP: 17/17 MP: 2/2
    57 | D:1      | Reached XP level 2. HP: 24/24 MP: 3/3
   277 | D:1      | Reached XP level 3. HP: 29/29 MP: 4/4
   356 | D:2      | Identified the +10 short sword of Vogau {freeze, rC+ Dex+4}
   363 | D:2      | Reached skill level 1 in Ranged Weapons
   372 | D:2      | Found Luamirgh's Magic Scroll Boutique.
   403 | D:2      | Reached XP level 4. HP: 34/36 MP: 5/5
   584 | D:2      | Found Aczoyck's Antique Weapon Emporium.
   599 | D:2      | Reached XP level 5. HP: 41/41 MP: 6/6
   642 | D:2      | Found Coxuidd's Antique Armour Shoppe.
   710 | D:2      | Found Duxasyx's General Store.
   839 | D:2      | Found Otoulicuet's General Store.
   848 | D:2      | Bought a potion of heal wounds for 50 gold pieces
  1006 | D:3      | Noticed Sigmund
  1062 | D:3      | Killed Sigmund
  1063 | D:3      | Reached skill level 5 in Short Blades
  1063 | D:3      | Reached XP level 6. HP: 21/48 MP: 7/7
  1225 | D:3      | Found a hide-covered altar of Uskayaw.
  1301 | D:3      | Found a shimmering altar of Xom.
  1356 | D:3      | Became a worshipper of Uskayaw the Reveller
  1447 | D:4      | Reached * piety under Uskayaw
  1493 | D:4      | Noticed Blork the orc
  1498 | D:4      | Reached ** piety under Uskayaw
  1499 | D:4      | Killed Blork the orc
  1500 | D:4      | Reached XP level 7. HP: 50/55 MP: 8/8
  1504 | D:4      | Noticed Grinder
  1512 | D:4      | Reached *** piety under Uskayaw
  1522 | D:4      | Killed Grinder
  1522 | D:4      | Reached **** piety under Uskayaw
  1543 | D:4      | Found a snail-covered altar of Cheibriados.
  1689 | D:4      | Reached XP level 8. HP: 61/61 MP: 9/9
  1692 | D:4      | Learned a level 2 spell: Ensorcelled Hibernation
  1695 | D:4      | Learned a level 2 spell: Passwall
  1699 | D:4      | Learned a level 3 spell: Swiftness
  1729 | D:5      | Entered Level 5 of the Dungeon
  1731 | D:5      | Reached skill level 1 in Invocations
  1898 | D:5      | Reached skill level 2 in Invocations
  2166 | D:6      | Identified the +4 whip of Ysieciyt {vorpal, rF- Int+3 SInv}
  2196 | D:6      | Reached skill level 3 in Invocations
  2373 | D:7      | Found a shadowy altar of Dithmenos.
  2384 | D:7      | Reached skill level 4 in Invocations
  2479 | D:6      | Gained mutation: You passively map the area around you.
                  | [Meteoran growth]
  2479 | D:6      | Reached XP level 9. HP: 62/67 MP: 13/13
  2541 | D:7      | Found a sand-covered staircase.
  2548 | Ossuary  | Entered an ossuary
  2578 | Ossuary  | Reached skill level 5 in Invocations
  2580 | Ossuary  | Reached skill level 10 in Short Blades
  2688 | Ossuary  | Reached skill level 6 in Invocations
  2806 | D:7      | Found Laefug's Armour Boutique.
  2868 | D:7      | Reached skill level 10 in Invocations
  2868 | D:7      | Reached XP level 10. HP: 86/86 MP: 14/18
  2870 | D:8      | Noticed a manticore
  2870 | D:8      | Noticed a kobold demonologist
  2870 | D:8      | Found a transporter.
  2872 | D:8      | Noticed a cyan ugly thing
  2872 | D:8      | Noticed a brown ugly thing
  2875 | D:8      | Noticed a cyclops
  2907 | D:8      | Found a transporter.
  2962 | D:8      | Noticed a lindwurm
  2974 | D:8      | a lindwurm changed into a water nymph
  2974 | D:8      | Noticed a water nymph (shapeshifter)
  3009 | D:8      | Reached skill level 1 in Armour
  3059 | D:8      | Reached ***** piety under Uskayaw
  3084 | D:8      | Found an ancient bone altar of Kikubaaqudgha.
  3106 | D:8      | Found a burning altar of Makhleb.
  3108 | D:8      | Found a white marble altar of Elyvilon.
  3109 | D:8      | Found a basalt altar of Yredelemnul.
  3223 | D:9      | Reached XP level 11. HP: 92/92 MP: 19/19
  3269 | D:9      | Noticed Prince Ribbit
  3277 | D:9      | Killed Prince Ribbit
  3469 | D:8      | Found a stormy altar of Qazlal.
  3574 | D:9      | Found a runed translucent gate.
  3574 | D:9      | Found a runed translucent gate.
  3576 | D:9      | Found a runed translucent gate.
  3578 | D:9      | Noticed porpoise's ghost (journeyman DrFE)
  3578 | D:9      | Noticed an 11-headed hydra
  3664 | D:10     | Entered Level 10 of the Dungeon
  3719 | D:10     | Found Noammuqa's Jewellery Emporium.
  3722 | D:10     | Found a blossoming altar of Fedhas.
  3736 | D:10     | Noticed a red ugly thing
  3746 | D:10     | Killed a red ugly thing
  3806 | D:10     | Reached skill level 1 in Evocations
  3818 | D:10     | Reached skill level 11 in Invocations
  3864 | D:10     | Found a transporter.
  3866 | D:10     | Identified the +4 giant club "Murmur" {chaos, Dex+5}
  3866 | D:10     | Noticed a two-headed ogre
  3867 | D:10     | Noticed SirDiesAlot's ghost (journeyman DECj)
  3867 | D:10     | Noticed a two-headed ogre
  3869 | D:10     | Noticed a two-headed ogre
  3872 | D:10     | Found a transporter.
  3946 | D:10     | Noticed a two-headed ogre
  3952 | D:10     | Killed a two-headed ogre
  4009 | D:10     | Killed a two-headed ogre
  4011 | D:10     | Killed SirDiesAlot's ghost
  4018 | D:10     | Killed a two-headed ogre
  4019 | D:10     | Reached skill level 10 in Dodging
  4022 | D:10     | Reached ****** piety under Uskayaw
  4023 | D:10     | Killed a two-headed ogre
  4080 | D:10     | Found a broken altar of Ashenzari.
  4098 | D:10     | Reached XP level 12. HP: 82/103 MP: 21/21
  4318 | D:10     | Noticed a two-headed ogre
  4327 | D:10     | Killed a two-headed ogre
  4671 | D:11     | Found a staircase to the Orcish Mines.
  4683 | D:11     | Reached skill level 5 in Armour
  4693 | Orc:1    | Entered Level 1 of the Orcish Mines
  4693 | Orc:1    | Noticed a two-headed ogre
  4694 | Orc:1    | Noticed an orc knight
  4707 | D:11     | Killed a two-headed ogre
  4787 | D:11     | Noticed purpskrrrp's ghost (journeyman MiFi)
  4791 | D:11     | Reached skill level 12 in Invocations
  4806 | D:11     | Found a runed translucent gate.
  4806 | D:11     | Identified the +4 chain mail of the Bulwark {rF+}
  4814 | D:11     | Found a runed translucent gate.
  4815 | D:11     | Found a runed translucent gate.
  4899 | D:11     | Killed an orc knight
  4900 | D:11     | Reached skill level 5 in Evocations
  5260 | Orc:2    | Entered Level 2 of the Orcish Mines
  5266 | Orc:2    | Noticed an orc knight
  5284 | Orc:2    | Killed an orc knight
  5310 | Orc:2    | Found Isubeod's General Store.
  5347 | Orc:2    | Noticed an orc high priest
  5362 | Orc:2    | Killed an orc high priest
  5375 | Orc:2    | Found Vuypluh's Book Shop.
  5456 | Orc:2    | Reached XP level 13. HP: 82/113 MP: 23/23
  5473 | Orc:2    | Reached skill level 10 in Fighting
  5525 | Orc:2    | Found Zuor's Antique Armour Emporium.
  5529 | Orc:2    | Gained mutation: You are weak. (Str -2) [a neqoxec]
  5534 | Orc:2    | Reached skill level 13 in Invocations
  5594 | Orc:2    | Noticed Azrael
  5613 | Orc:2    | Killed Azrael
  5843 | Orc:2    | Noticed an orc warlord
  5876 | Orc:1    | Found Tyuhour's Armour Emporium.
  5917 | Orc:1    | Bought the +3 pair of boots of Ebrass {rPois Str+2 Int+3}
                  | for 659 gold pieces
  5995 | Orc:2    | Killed an orc warlord
  6008 | Orc:2    | Found Womaghug's Antique Weapon Shoppe.
  6193 | D:11     | Noticed Gastronok
  6210 | D:11     | Killed Gastronok
  6283 | D:11     | Killed purpskrrrp's ghost
  6301 | D:11     | Reached skill level 14 in Invocations
  6330 | D:11     | Identified the +2 cloak "Gith" {rN++}
  6808 | D:8      | Found an opulent altar of Gozag.
  6913 | D:8      | Found a staircase to the Lair.
  6930 | Lair:1   | Entered Level 1 of the Lair of Beasts
  6975 | Lair:1   | Reached skill level 1 in Shields
  7042 | Lair:2   | Noticed an eight-headed hydra
  7052 | Lair:2   | Killed a two-headed hydra
  7105 | Lair:2   | Reached XP level 14. HP: 120/124 MP: 25/25
  7259 | Lair:3   | Found a gate leading to a gauntlet.
  7279 | Gauntlet | Entered a Gauntlet
  7279 | Gauntlet | Found a transporter.
  7279 | Gauntlet | Found a transporter.
  7287 | Gauntlet | Found a transporter.
  7291 | Gauntlet | Found a transporter.
  7299 | Gauntlet | Found a transporter.
  7303 | Gauntlet | Found a transporter.
  7309 | Gauntlet | Found a runed translucent gate.
  7311 | Gauntlet | Found a transporter.
  7312 | Gauntlet | Found a runed translucent gate.
  7313 | Gauntlet | Found a runed translucent gate.
  7327 | Gauntlet | Found a transporter.
  7341 | Gauntlet | Found a transporter.
  7345 | Gauntlet | Found a transporter.
  7353 | Gauntlet | Found a transporter.
  7357 | Gauntlet | Found a transporter.
  7432 | Gauntlet | Found a runed translucent door.
  7467 | Gauntlet | Identified the +1 leather armour of the Hills {Str+2}
  7500 | Gauntlet | Identified the amulet of Doighiph {Faith rElec rF+ Int+6
                  | Stlth-}
  7534 | Gauntlet | Noticed a minotaur
  7544 | Gauntlet | Killed a minotaur
  7697 | Lair:4   | You fall into a shaft and drop 1 floor!
  7697 | Lair:5   | Entered Level 5 of the Lair of Beasts
  7707 | Lair:5   | Reached skill level 5 in Shields
  7779 | Lair:5   | Reached skill level 15 in Invocations
  7805 | Lair:5   | Reached skill level 10 in Evocations
  7912 | Lair:5   | Reached XP level 15. HP: 61/133 MP: 12/27
  8153 | Lair:5   | Found a frozen archway.
  8170 | IceCv    | Entered an ice cave
  8857 | Lair:4   | Reached skill level 16 in Invocations
  9334 | Lair:3   | Found a hole to the Spider Nest.
  9370 | Spider:1 | Entered Level 1 of the Spider Nest
  9385 | Spider:1 | Reached XP level 16. HP: 74/144 MP: 22/29
  9515 | Spider:1 | Noticed an emperor scorpion
  9523 | Spider:1 | Killed an emperor scorpion
  9524 | Spider:1 | Reached skill level 15 in Dodging
  9602 | Spider:1 | Identified the +8 dire flail of Dust {vorpal, rPois rC-
                  | Dex+8}
  9777 | Spider:2 | Reached skill level 17 in Invocations
  9850 | Spider:3 | Reached XP level 17. HP: 92/151 MP: 30/30
  9958 | Spider:4 | Entered Level 4 of the Spider Nest
 10105 | Spider:4 | Reached skill level 10 in Maces & Flails
 10459 | Spider:4 | Gained mutation: You passively map a large area around you.
                  | [Meteoran growth]
 10459 | Spider:4 | Reached XP level 18. HP: 159/159 MP: 31/31
 10919 | Spider:4 | Got a gossamer rune of Zot
 11419 | Lair:2   | Noticed Harold
 11425 | Lair:2   | Killed Harold
 11426 | Lair:2   | Reached skill level 15 in Maces & Flails
 11618 | Lair:3   | Found a staircase to the Swamp.
 11640 | Swamp:1  | Entered Level 1 of the Swamp
 11741 | Swamp:1  | Noticed Roxanne
 11824 | Swamp:1  | Noticed Louise
 11859 | Swamp:1  | Killed Louise
 12211 | Swamp:3  | Reached XP level 19. HP: 124/168 MP: 32/32
 12242 | Swamp:4  | Entered Level 4 of the Swamp
 12258 | Swamp:4  | Reached skill level 10 in Armour
 12276 | Swamp:4  | Reached skill level 18 in Invocations
 12384 | Swamp:3  | Reached skill level 15 in Fighting
 12564 | Swamp:4  | Reached skill level 19 in Invocations
 12571 | Swamp:4  | HP: 4/171 [bog body (14)]
 12675 | Swamp:4  | Got a decaying rune of Zot
 13221 | D:13     | Found a gate to the Vaults.
 13256 | Vaults:1 | Entered Level 1 of the Vaults
 13383 | Vaults:1 | Found a crumbling gateway.
 13394 | Desolati | Entered the Desolation of Salt
 13477 | Desolati | Reached skill level 20 in Invocations
 13477 | Desolati | Reached XP level 20. HP: 156/182 MP: 33/35
 13519 | Desolati | Got the Book of Ozone
 13698 | Desolati | Identified the +5 falchion "Pien" {antimagic, rPois Dex+4}
 13700 | Desolati | Got the Meditations on the Captivating Figure
 13702 | Desolati | Identified the amulet of Gimank {Faith Str+3}
 13765 | Desolati | Got the Codex of Excruciating Imprecation
 13773 | Desolati | Got the Handbook of Terrestrial Striking
 13774 | Desolati | Identified the +3 hat of a ziggurat {-Tele rF+ Str+4}
 13936 | Vaults:2 | Noticed Asterion
 13938 | Vaults:2 | Killed Asterion
 14271 | Vaults:2 | Reached skill level 21 in Invocations
 14326 | Vaults:2 | Paralysed by a great orb of eyes for 4 turns
 14448 | Vaults:2 | Noticed Zenata
 14606 | Vaults:3 | Paralysed by a great orb of eyes for 5 turns
 14678 | Vaults:3 | Found Liss's Weapon Shop.
 14701 | Vaults:3 | Reached XP level 21. HP: 118/193 MP: 33/36
 14815 | Vaults:3 | Found a staircase to the Crypt.
 15064 | Vaults:4 | Noticed Boris
 15065 | Vaults:4 | Killed Boris
 15109 | Vaults:5 | Entered Level 5 of the Vaults
 15148 | Vaults:4 | Reached skill level 22 in Invocations
 15182 | Vaults:5 | Reached skill level 15 in Armour
 15187 | Vaults:5 | Noticed a golden dragon
 15270 | Vaults:4 | Reached XP level 22. HP: 108/204 MP: 26/38
 15381 | Vaults:4 | Found Qowiop's General Store.
 15539 | Vaults:4 | Killed a golden dragon
 15650 | Vaults:5 | Reached skill level 23 in Invocations
 15747 | Vaults:5 | Learned a level 1 spell: Apportation
 15853 | Vaults:5 | Identified the +0 fire dragon scales of Integrity {rF++ rC-
                  | Will+ Int+3}
 15854 | Vaults:5 | Identified the +2 dagger of Setuigin {vamp, rElec rPois
                  | Int+4}
 15888 | Vaults:5 | Found the +14 obsidian axe {vorpal, Mesm Drain Fly SInv}
 15940 | Vaults:5 | Noticed an ancient lich
 15940 | Vaults:5 | Noticed Margery
 16210 | Vaults:5 | Noticed Jory
 16245 | Vaults:5 | Reached skill level 24 in Invocations
 16373 | Vaults:5 | Got a silver rune of Zot
 16679 | D:13     | Noticed Jorgrun
 16693 | D:13     | Killed Jorgrun
 16694 | D:13     | Reached XP level 23. HP: 217/217 MP: 40/40
 17065 | D:15     | Entered Level 15 of the Dungeon
 17089 | D:15     | Found a staircase to the Depths.
 17206 | Depths:1 | Entered Level 1 of the Depths
 17311 | Depths:1 | Noticed Boris
 17328 | Depths:1 | Killed Boris
 17449 | Depths:2 | You fall into a shaft and drop 2 floors!
 17449 | Depths:4 | Entered Level 4 of the Depths
 17468 | Depths:4 | Noticed a bone dragon
 17479 | Depths:4 | Killed a bone dragon
 17479 | Depths:4 | Noticed a juggernaut
 17482 | Depths:4 | Found a gate to the Realm of Zot.
 17496 | Depths:4 | Mangled by a juggernaut

Illustrated notes

Levels and vault maps discovered:
D:1:      psy_arrival_heroes, layout_basic
D:2:      layout_loops_ring, serial_shops, shop, shop, nicolae_shop_stone, shop,
          shop, minmay_misc_feat_four_crosses, minmay_box_of_dots
D:3:      layout_basic, nicolae_uskayaw_suspiria, general_overflow_altar,
          minmay_cut_off, uniq_sigmund
D:4:      layout_basic, nicolae_overflow_crystal_walls, uniq_blork_the_orc,
          uniq_grinder, uniq_duvessa, uniq_edmund
D:5:      layout_gridville, mainiacjoe_overflow_tiny_flanked
D:6:      layout_basic, nicolae_wu_jian_wuxing_cycle, temple_pool_b,
          kennysheep_pointless_box, minmay_a_box_with_orc_wizards_in_it
D:7:      layout_basic, nicolae_dithmenos_the_darkroom, serial_shops,
          nicolae_stop_n_shop_1, nicolae_ossuary_entry_ruins, st_stairs_3,
          hangedman_abyss_or_decor_stabs, minmay_statues_item
D:8:      gammafunk_sealed_arena, layout_gridville,
          mainiacjoe_overflow_alcove_1, lemuel_mausoleum_altar_kikubaaqudgha,
          mainiacjoe_overflow_chevrons, minitemple, eino_tiny_chamber
D:9:      layout_basic, gammafunk_ghost_hydra_chop, uniq_prince_ribbit1
D:10:     kennysheep_steamy, layout_gridville, ashenzari_altar_1,
          fedhas_altar_3, serial_shops, shop_statue, gammafunk_ghost_smash
D:11:     layout_roguey, orc_0_dummy, biasface_ghost_orc_armoury,
          item_on_display_a, uniq_gastronok
D:12:     layout_gridville, st_stairs_11
D:13:     layout_cave_pods, grunt_vaults_entry_tiered, special_room
          [special_room_orc], uniq_jorgrun
D:14:     layout_basic, minmay_stone_trees_large, trog_butcher_becter
D:15:     grunt_enter_depths_giant_problem, layout_cave_pools,
          hangedman_decor_growths, enter_trove_0
Lair:1:   layout_cellular_growth, wad_woods_river_01, uniq_sonja
Lair:2:   layout_small_grid, chequers_serial_rivers_micro_d, uniq_harold
Lair:3:   hellmonk_destroyed_diamonds, layout_regular_city,
          palyth_hydra_swamp_entry, nicolae_spider_entry_tight_spaces,
          gauntlet_entry_generic, minmay_stone_trees_small
Lair:4:   layout_misc_corridors, minmay_slime_entry_oklob_enclosed,
          grunt_megastairs_1
Lair:5:   hangedman_lair_tendril_chambers, layout_regular_city,
          guppyfry_lair_end_dragon, portal_ice_cave_entry_animals_and_master,
          grunt_megastairs_5
Swamp:1:  layout_basic_swamp, evilmike_swamp_ruin_house_1, uniq_roxanne,
          uniq_kirke, uniq_louise
Swamp:2:  layout_falls_marsh, evilmike_swamp_ruin_house_5, swamp_pool3
Swamp:3:  layout_basic_swamp, infiniplex_staircase_pool, swamp_pool2, uniq_aizul
Swamp:4:  swamp_basic_johnstein, layout_basic_swamp, gammafunk_ghost_grave
Spider:1: layout_spider_delve
Spider:2: layout_spider_delve, hangedman_spider_tarantella_strand, uniq_frances,
          uniq_mlioglotl
Spider:3: layout_cave_pods
Spider:4: grunt_spider_rune_parallel
Orc:1:    layout_caves, serial_shops, nicolae_shop_stone, shop, shop
Orc:2:    grunt_orc_gardens, layout_diamond_mine, grunt_orc_garden,
          grunt_orc_garden, grunt_orc_garden, grunt_orc_garden, uniq_azrael
Vaults:1: portal_desolation_entry_ruin, nicolae_vaults_bisected_exclaves,
          hangedman_vaults_hat, vaults_room_boxed, hangedman_vaults_stagger,
          nicolae_vaults_little_squares_4, ontoclasm_vaults_eye, v_misc_11,
          ontoclasm_vaults_gallery, nicolae_vaults_little_squares_6,
          layout_vaults_ring, serial_shops, shop
Vaults:2: ebering_ghost_rock_garden, v_misc_1, grunt_vaults_hallway_long,
          nicolae_vaults_inception_scallops, nicolae_vaults_yaktaur_gun_rack,
          vaults_room_fancy_cross, dpeg_vaults_monster_row,
          ontoclasm_vaults_pinch, v_pattern_1, nicolae_vaults_circle_grid_b,
          nicolae_vaults_little_squares_5, v_misc_27,
          vaults_mumra_minichess_inversion, vaults_mumra_chevron_long,
          layout_vaults_omnibox, uniq_zenata, uniq_asterion
Vaults:3: v_misc_27, nicolae_vaults_sealed_display, vaults_room_door_ring,
          nicolae_vaults_network_quincunx
          [nicolae_vaults_network_quincunx_subvault,
          nicolae_vaults_network_quincunx_subvault,
          nicolae_vaults_network_quincunx_subvault,
          nicolae_vaults_network_quincunx_subvault,
          nicolae_vaults_network_quincunx_subvault], ontoclasm_vaults_shuriken,
          vaults_mumra_hex, vaults_mumra_lcd, v_misc_2, grunt_vaults_diagonal,
          vaults_room_door_hall, v_alt_pattern_1, layout_vaults_omnicross,
          minmay_crypt_entry_skeletal_spiral, serial_shops,
          nicolae_shop_bloodbath_and_beyond, uniq_saint_roka
Vaults:4: infiniplex_enter_wizlab_water, v_misc_1, v_misc_12,
          ontoclasm_vaults_loading_screen, v_misc_3,
          hangedman_vaults_variations, vaults_room_corners, v_misc_18,
          nicolae_vaults_little_squares_6, nicolae_vaults_ring_of_whatevers,
          vaults_room_mumra_shop_pool, vaults_dpeg_hooks,
          nicolae_vaults_murderbox, layout_vaults_big_room, serial_shops,
          nicolae_shop_crystal, uniq_boris
Vaults:5: uniq_margery, uniq_sojobo, uniq_jory
Depths:1: layout_basic, enter_ziggurat_c, pf_hell_entry_tar_spiral,
          nicolae_hepliaklqana_hazy_memory,
          nicolae_abyss_entry_one_way_or_another,
          hangedman_abyss_or_decor_slice, patterned_corridor
Depths:2: nicolae_hexawheel, layout_gridlike, hell_entry,
          minmay_misc_feat_doors, abyss_entry_small_statue_room, pan_entry,
          nicolae_two_hexagons, minmay_shoptagon
Depths:4: grunt_zot_entry_alcove, layout_basic, hell_entry, grunt_megastairs_3

Skill      XL: |  1  2  3  4  5  6  7  8  9 10 11 12 13 14 15 16 17 18 19 20 21 22 23 |
---------------+----------------------------------------------------------------------+-----
Polearms       | 4 |  4.5
Ranged Weapons | 1 |  1.6
Short Blades   | 3 5 6 7 9 11 12 | 12.0
Invocations    | 4 10 11 12 14 15 16 17 20 21 22 24 | 24.8
Fighting       | 7 8 9 11 12 13 14 16 17 18 20 | 20.8
Dodging        | 8 9 10 11 12 13 14 15 | 15.0
Armour         | 1 4 5 7 8 9 10 12 15 | 15.6
Evocations     | 3 6 8 10 11 12 | 12.5
Shields        | 2 5 7 |  7.8
Maces & Flails | 7 11 16 | 16.0

Action                   |  1- 3 |  4- 6 |  7- 9 | 10-12 | 13-15 | 16-18 | 19-21 | 22-24 || total
-------------------------+-------+-------+-------+-------+-------+-------+-------+-------++-------
Melee: Spear             |     2 |       |       |       |       |       |       |       ||     2
       Short sword       |    14 |    86 |   197 |   476 |   935 |   207 |       |       ||  1915
       Punch             |       |       |     2 |     3 |       |       |       |       ||     5
       Scimitar          |       |       |       |       |    11 |       |       |       ||    11
       Eveningstar       |       |       |       |       |       |   442 |   991 |   663 ||  2096
 Fire: Sling             |    47 |       |       |       |       |       |       |       ||    47
 Cast: Passwall          |       |       |       |       |     7 |     4 |       |       ||    11
       Swiftness         |       |       |       |       |     1 |       |       |       ||     1
Invok: Stomp             |       |       |       |       |    17 |    19 |    30 |    14 ||    80
       Grand Finale      |       |       |       |       |       |     2 |     8 |     4 ||    14
       Line Pass         |       |       |       |       |       |       |     1 |     1 ||     2
Evoke: Wand              |       |       |       |       |     4 |     8 |     4 |     7 ||    23
       Box of beasts     |       |       |       |       |     1 |       |       |       ||     1
       Phial of floods   |       |       |       |       |       |       |       |     1 ||     1
       Lightning rod     |       |       |       |       |       |       |       |     4 ||     4
       Tin of tremorston |       |       |       |       |       |       |       |     3 ||     3
       Condenser vane    |       |       |       |       |       |       |       |     1 ||     1
  Use: Potion            |       |     1 |     1 |     2 |       |     2 |     3 |     3 ||    12
       Scroll            |       |       |    13 |     8 |     6 |     5 |     2 |     9 ||    43
 Stab: Paralysed         |       |       |     7 |    40 |    81 |    55 |   121 |   101 ||   405
       Sleeping          |       |       |     1 |       |       |       |       |       ||     1
       Distracted        |       |       |       |       |       |     8 |    12 |       ||    20
       Confused          |       |       |       |       |       |       |     2 |       ||     2
Armor: Leather armour    |    13 |    17 |    49 |    12 |       |       |       |       ||    91
       Steam dragon scal |       |       |       |    61 |   162 |   321 |   265 |       ||   809
       Chain mail        |       |       |       |       |       |       |   235 |   436 ||   671
Dodge: Dodged            |    33 |    32 |    69 |   257 |   522 |   702 |   703 |   334 ||  2652
Block: Buckler           |       |       |       |    59 |   175 |   183 |   281 |   136 ||   834
       Kite shield       |       |       |       |       |       |       |       |    91 ||    91
       Reflection        |       |       |       |       |       |       |       |    12 ||    12

Table legend: (Time is in decaauts)
 A = Elapsed time spent in this place.
 B = Non-inter-level travel time spent in this place.
 C = Inter-level travel time spent in this place.
 D = Time resting spent in this place.
 E = Time spent auto-exploring this place.
 F = Levels seen in this place.
 G = Mean time per level.
                   A        B        C        D        E       F      G
               +--------+--------+--------+--------+--------+-----+--------+
         Total |  16390 |  14840 |   1550 |      0 |   3173 |  42 |  390.2 |
       Dungeon |   6441 |   5719 |    722 |      0 |   2578 |  15 |  429.4 |
          Lair |   2329 |   2021 |    308 |      0 |    221 |   5 |  465.8 |
         Swamp |   1168 |   1083 |     85 |      0 |     35 |   4 |  292.0 |
   Spider Nest |   1575 |   1466 |    109 |      0 |     47 |   4 |  393.8 |
  Orcish Mines |    798 |    774 |     24 |      0 |     73 |   2 |  399.0 |
        Vaults |   2698 |   2399 |    299 |      0 |     33 |   5 |  539.6 |
        Depths |    278 |    278 |      0 |      0 |     98 |   3 |   92.7 |
       Ossuary |    169 |    169 |      0 |      0 |     58 |   1 |  169.0 |
      Ice Cave |    260 |    260 |      0 |      0 |     23 |   1 |  260.0 |
    Desolation |    414 |    414 |      0 |      0 |      0 |   1 |  414.0 |
      Gauntlet |    255 |    255 |      0 |      0 |      7 |   1 |  255.0 |
               +--------+--------+--------+--------+--------+-----+--------+

Top non-repeatable levels by time:
    D:10: 964 daAuts
    D:11: 964 daAuts
Spider:4: 884 daAuts
Vaults:5: 762 daAuts
  Lair:5: 706 daAuts
Vaults:3: 697 daAuts
  Lair:3: 646 daAuts
     D:9: 603 daAuts
Vaults:4: 578 daAuts
     D:3: 555 daAuts
     D:8: 518 daAuts
  Lair:2: 517 daAuts
     D:2: 487 daAuts
   Orc:2: 477 daAuts
Vaults:2: 434 daAuts
